[Event "57th Biel Festival ATO 2024"]
[Site "Biel"]
[Date "2024.07.16"]
[Round "1.1"]
[White "Nasybullina, Alfia"]
[Black "Hansen, Michael Bo"]
[Result "1-0"]
[ECO "D03"]
[WhiteElo "1997"]
[BlackElo "1759"]
[Annotator "RC"]
[PlyCount "39"]
[EventDate "2024.07.03"]
[EventType "swiss"]
[EventCountry "SUI"]
[SourceTitle "playchess.com"]
[Source "ChessBase"]
[SourceQuality "1"]
[TimeControl "40/5400+30:1800+30"]

1. d4 Nf6 2. Nf3 g6 3. Bg5 Bg7 4. Nbd2 d5 5. e3 O-O 6. Bd3 c5 7. c3 cxd4 8. exd4 Nc6 9. h3 Re8 10. O-O Qc7 11. Re1 e5 12. dxe5 Nxe5 13. Bf4 Nfd7 14. Bb5 a6 15. Nxe5 Bxe5 16. Bf1 Nf6 17. Rxe5 Rxe5 18. Nf3 Nd7 19. Nxe5 Nxe5 20. Qxd5 1-0

[Event "57th Biel Festival ATO 2024"]
[Site "Biel"]
[Date "2024.07.16"]
[Round "1.2"]
[White "Loeffler, Helmut"]
[Black "Wiesmann, Dominique"]
[Result "0-1"]
[ECO "A41"]
[WhiteElo "1745"]
[BlackElo "1963"]
[Annotator "RC"]
[PlyCount "78"]
[EventDate "2024.07.03"]
[EventType "swiss"]
[EventCountry "SUI"]
[SourceTitle "playchess.com"]
[Source "ChessBase"]
[SourceQuality "1"]
[TimeControl "40/5400+30:1800+30"]

1. d4 d6 2. Nf3 Bg4 3. e3 Nf6 4. Bd3 Nc6 5. c3 e5 6. dxe5 dxe5 7. Be2 Bd6 8. Nbd2 Qe7 9. e4 O-O 10. O-O Bc5 11. b4 Bb6 12. Bb2 Bxf3 13. Bxf3 Nd7 14. Nc4 Nd8 15. Qe2 Ne6 16. g3 c6 17. Rad1 Bc7 18. Ne3 g6 19. Rd2 Nf6 20. Rfd1 Rfd8 21. a3 h5 22. Bg2 Ng5 23. f3 b5 24. Kh1 a6 25. c4 Nd7 26. c5 Nf8 27. h4 Nge6 28. Bh3 Nd4 29. Qf2 Nfe6 30. Bxe6 Nxe6 31. Ng2 a5 32. Qe3 Kh7 33. Bc1 axb4 34. axb4 Rxd2 35. Bxd2 Nd4 36. Qh6+ Kg8 37. Bg5 Qe6 38. g4 Nxf3 39. Ne3 Ra2 0-1

[Event "57th Biel Festival ATO 2024"]
[Site "Biel"]
[Date "2024.07.16"]
[Round "1.3"]
[White "Kulikov, Mikhail L"]
[Black "Boyer, Jean-Francois"]
[Result "1-0"]
[ECO "D19"]
[WhiteElo "1954"]
[BlackElo "1742"]
[Annotator "ChessBase"]
[PlyCount "93"]
[EventDate "2024.07.03"]
[EventType "swiss"]
[EventCountry "SUI"]
[SourceTitle "playchess.com"]
[Source "ChessBase"]
[SourceQuality "1"]
[TimeControl "40/5400+30:1800+30"]

1. Nf3 d5 2. d4 Nf6 3. c4 c6 4. Nc3 dxc4 5. a4 Bf5 6. e3 e6 7. Bxc4 Bb4 8. O-O O-O 9. Qe2 Ne4 10. Na2 Be7 11. h3 h6 12. Rd1 Nd7 13. Bd2 Nxd2 14. Rxd2 Be4 15. Nc3 Bxf3 16. Qxf3 Ne5 17. Qe2 Nxc4 18. Qxc4 Qa5 19. Rdd1 Rac8 20. Rac1 Bd6 21. Ne4 Bb8 22. g3 Qf5 23. Nc5 Qxh3 24. Nxb7 Bxg3 25. fxg3 Qxg3+ 26. Kf1 Qf3+ 27. Ke1 Qxe3+ 28. Qe2 Qg1+ 29. Qf1 Qe3+ 30. Qe2 Qxe2+ 31. Kxe2 Rb8 32. Nd6 Rxb2+ 33. Kd3 Rfb8 34. Rxc6 R8b3+ 35. Rc3 Rxc3+ 36. Kxc3 Rb6 37. Nc4 Rb7 38. a5 g5 39. a6 Rb8 40. d5 exd5 41. Rxd5 g4 42. Rd7 Ra8 43. Kd4 f5 44. Ne3 Rf8 45. Rxa7 g3 46. Rb7 Rf6 47. a7 1-0

[Event "57th Biel Festival ATO 2024"]
[Site "Biel"]
[Date "2024.07.16"]
[Round "1.4"]
[White "Weihs, David"]
[Black "King, Alexander"]
[Result "0-1"]
[ECO "B12"]
[WhiteElo "1733"]
[BlackElo "1935"]
[Annotator "ChessBase"]
[PlyCount "106"]
[EventDate "2024.07.03"]
[EventType "swiss"]
[EventCountry "SUI"]
[SourceTitle "playchess.com"]
[Source "ChessBase"]
[SourceQuality "1"]
[TimeControl "40/5400+30:1800+30"]

1. e4 c6 2. d4 d5 3. f3 dxe4 4. fxe4 e5 5. Nf3 Bg4 6. Bc4 Nd7 7. c3 Bd6 8. O-O Ngf6 9. Bg5 Qb6 10. Nbd2 O-O 11. Qb3 Rae8 12. Qxb6 axb6 13. Rae1 Be6 14. Bxe6 Rxe6 15. Nc4 Bc7 16. Ncxe5 Nxe5 17. Nxe5 Bxe5 18. dxe5 Nd7 19. Rd1 Nxe5 20. Bf4 Ng6 21. Bc7 b5 22. Rd7 f6 23. Rfd1 Rfe8 24. Bd6 Rxe4 25. Rxb7 Re1+ 26. Rxe1 Rxe1+ 27. Kf2 Rd1 28. Ba3 Ne5 29. Rb8+ Kf7 30. Rb7+ Kg6 31. Bf8 Rd7 32. Rxd7 Nxd7 33. Bd6 Kf5 34. Kf3 Nb6 35. Bf8 g6 36. b3 Ke5 37. Bc5 Nd7 38. Bf2 Kd5 39. a3 Ne5+ 40. Ke2 c5 41. h3 c4 42. b4 Nd3 43. Bd4 f5 44. Kf3 Ne1+ 45. Kf2 Nc2 46. Bg7 Nxa3 47. Ke3 Nb1 48. g4 fxg4 49. hxg4 h5 50. gxh5 gxh5 51. Kf4 h4 52. Be5 h3 53. Kf5 Nxc3 0-1

[Event "57th Biel Festival ATO 2024"]
[Site "Biel"]
[Date "2024.07.16"]
[Round "1.5"]
[White "Schneuwly, Achim"]
[Black "Pavlov, Myroslav"]
[Result "1-0"]
[ECO "E90"]
[WhiteElo "1933"]
[BlackElo "1736"]
[Annotator "NA"]
[PlyCount "63"]
[EventDate "2024.07.03"]
[EventType "swiss"]
[EventCountry "SUI"]
[SourceTitle "playchess.com"]
[Source "ChessBase"]
[SourceQuality "1"]
[TimeControl "40/5400+30:1800+30"]

1. d4 Nf6 2. Nf3 g6 3. c4 Bg7 4. Nc3 d6 5. e4 e5 6. dxe5 dxe5 7. Qxd8+ Kxd8 8. Bg5 Nbd7 9. O-O-O Re8 10. Nd5 Re6 11. c5 c6 12. Nxf6 Bxf6 13. Be3 Kc7 14. Bc4 Re7 15. Rd6 b6 16. Rhd1 Bg7 17. b4 a5 18. b5 Bb7 19. bxc6 Bxc6 20. Rxc6+ Kxc6 21. Bd5+ Kb5 22. Bxa8 bxc5 23. a4+ Kb4 24. Bc6 Nb6 25. Kc2 Nxa4 26. Rb1+ Ka3 27. Bc1+ Nb2 28. Bxb2+ Kb4 29. Bc3+ Ka3 30. Rb3+ Ka2 31. Bb2 Rb7 32. Ra3# 1-0

[Event "57th Biel Festival ATO 2024"]
[Site "Biel"]
[Date "2024.07.16"]
[Round "1.6"]
[White "Suwendo, Poedjo"]
[Black "Andrzejewska, Anna"]
[Result "0-1"]
[ECO "C56"]
[WhiteElo "1727"]
[BlackElo "1933"]
[Annotator "RC"]
[PlyCount "120"]
[EventDate "2024.07.03"]
[EventType "swiss"]
[EventCountry "SUI"]
[SourceTitle "playchess.com"]
[Source "ChessBase"]
[SourceQuality "1"]
[TimeControl "40/5400+30:1800+30"]

1. e4 e5 2. Nf3 Nc6 3. d4 exd4 4. Bc4 Nf6 5. e5 d5 6. Bb5 Ne4 7. Nxd4 Bd7 8. Bxc6 bxc6 9. O-O Bc5 10. c3 Bb6 11. Be3 O-O 12. Qe2 c5 13. Nc2 Qe7 14. f3 Ng5 15. Qd2 Ne6 16. Qxd5 Rad8 17. Qc4 g6 18. Bh6 Ng7 19. f4 Bf5 20. Bg5 Qd7 21. Ne1 Rb8 22. Na3 Be6 23. Qe2 c4+ 24. Kh1 Nf5 25. Nac2 Bd5 26. Nf3 Bc5 27. Ncd4 Rfe8 28. Rfd1 c6 29. e6 fxe6 30. Ne5 Qg7 31. Nexc6 Rbc8 32. Nxf5 gxf5 33. Ne5 Be7 34. Nf3 h6 35. Bxe7 Rxe7 36. Rd2 Kh7 37. Re1 Rb7 38. Qe5 Qg4 39. h3 Qh5 40. Kh2 Rg8 41. Nd4 Rbg7 42. Rg1 Rg3 43. Nxf5 Rd3 44. Rxd3 cxd3 45. g4 Qf7 46. Nd6 Qc7 47. b3 Rd8 48. Nc4 Qc5 49. Qe3 Qxe3 50. Nxe3 Bf3 51. Kg3 Be2 52. Kf2 Rf8 53. f5 exf5 54. gxf5 Re8 55. c4 Bh5 56. f6 d2 57. Nd1 Re2+ 58. Kg3 Re1 59. Kf2 Rxg1 60. Kxg1 Bxd1 0-1

[Event "57th Biel Festival ATO 2024"]
[Site "Biel"]
[Date "2024.07.16"]
[Round "1.7"]
[White "Conrad, Vincent"]
[Black "Schweizer, Ulrich"]
[Result "*"]
[ECO "E09"]
[WhiteElo "1931"]
[BlackElo "1727"]
[Annotator "RC"]
[PlyCount "25"]
[EventDate "2024.07.03"]
[EventType "swiss"]
[EventCountry "SUI"]
[SourceTitle "playchess.com"]
[Source "ChessBase"]
[SourceQuality "1"]
[TimeControl "40/5400+30:1800+30"]

1. Nf3 d5 2. d4 Nf6 3. c4 e6 4. g3 c6 5. Bg2 Nbd7 6. Nbd2 Be7 7. Qc2 O-O 8. O-O b6 9. e4 dxe4 10. Nxe4 Bb7 11. Ne5 Rc8 12. Rd1 Nh5 13. Bh3 *

[Event "57th Biel Festival ATO 2024"]
[Site "Biel"]
[Date "2024.07.16"]
[Round "1.7"]
[White "Conrad, Vincent"]
[Black "Schweizer, Ulrich"]
[Result "1-0"]
[ECO "E09"]
[WhiteElo "1931"]
[BlackElo "1727"]
[Annotator "RC"]
[PlyCount "78"]
[EventDate "2024.07.03"]
[EventType "swiss"]
[EventCountry "SUI"]
[SourceTitle "playchess.com"]
[Source "ChessBase"]
[SourceQuality "1"]
[TimeControl "40/5400+30:1800+30"]

1. Nf3 d5 2. d4 Nf6 3. c4 e6 4. g3 c6 5. Bg2 Nbd7 6. Nbd2 Be7 7. Qc2 O-O 8. O-O b6 9. e4 dxe4 10. Nxe4 Bb7 11. Ne5 Rc8 12. Rd1 Nxe4 13. Bxe4 Nf6 14. Bg2 a6 15. Bf4 Nh5 16. c5 Nxf4 17. gxf4 f6 18. Nc4 b5 19. Ne3 Qc7 20. Qe4 Qd7 21. Bh3 f5 22. Qc2 Bf6 23. Qb3 Qf7 24. Nf1 Rcd8 25. Ng3 Rxd4 26. Rxd4 Bxd4 27. Rc1 Bf6 28. Re1 Re8 29. Bxf5 Bc8 30. Bh3 Rf8 31. Ne4 Bh4 32. Qf3 e5 33. Bxc8 Rxc8 34. Nd6 Qg6+ 35. Kh1 e4 36. Qh3 Rc7 37. Qxh4 Rd7 38. Qg3 Qf6 39. Re2 Qd4 1-0

[Event "57th Biel Festival ATO 2024"]
[Site "Biel"]
[Date "2024.07.16"]
[Round "1.8"]
[White "Lesniak, Julien"]
[Black "Bangerter, Daria"]
[Result "1/2-1/2"]
[ECO "B34"]
[WhiteElo "1728"]
[BlackElo "1931"]
[Annotator "NA RC"]
[PlyCount "63"]
[EventDate "2024.07.03"]
[EventType "swiss"]
[EventCountry "SUI"]
[SourceTitle "playchess.com"]
[Source "ChessBase"]
[SourceQuality "1"]
[TimeControl "40/5400+30:1800+30"]

1. e4 c5 2. Nf3 g6 3. d4 cxd4 4. Nxd4 Nc6 5. Nxc6 bxc6 6. Qd4 Nf6 7. e5 Nd5 8. e6 Nf6 9. exd7+ Bxd7 10. Bc4 Bg7 11. O-O O-O 12. Qh4 Bf5 13. c3 Ng4 14. h3 Ne5 15. Be2 Re8 16. Be3 Rb8 17. b3 Qa5 18. b4 Qc7 19. Na3 Nd3 20. Qc4 Red8 21. Qb3 c5 22. Rad1 cxb4 23. cxb4 Rxb4 24. Qc2 Qxc2 25. Nxc2 Rb2 26. Bxd3 Rxd3 27. Nd4 Bxd4 28. Bxd4 Rxa2 29. Rxd3 Bxd3 30. Rc1 f6 31. Rc7 Kf7 32. Rxa7 1/2-1/2

[Event "57th Biel Festival ATO 2024"]
[Site "Biel"]
[Date "2024.07.16"]
[Round "1.9"]
[White "Oestmann, Lukas"]
[Black "Kern, Beat"]
[Result "1-0"]
[ECO "A53"]
[WhiteElo "1926"]
[BlackElo "1717"]
[Annotator "NA RC"]
[PlyCount "53"]
[EventDate "2024.07.03"]
[EventType "swiss"]
[EventCountry "SUI"]
[SourceTitle "playchess.com"]
[Source "ChessBase"]
[SourceQuality "1"]
[TimeControl "40/5400+30:1800+30"]

1. e4 c6 2. c4 e5 3. Nf3 d6 4. Nc3 Nf6 5. d4 exd4 6. Nxd4 Be7 7. Be2 O-O 8. Be3 Nbd7 9. Qc2 Nb6 10. h3 Re8 11. O-O Bf8 12. Bg5 h6 13. Bh4 Be7 14. Bg3 Bd7 15. Rad1 Nc8 16. Rfe1 a6 17. a4 a5 18. Kh1 Qb6 19. f4 Bf8 20. e5 dxe5 21. fxe5 Nh7 22. Nf3 Be6 23. Bd3 Ng5 24. Nxg5 hxg5 25. Qe2 Ne7 26. Rf1 Qc7 27. Qh5 1-0

[Event "57th Biel Festival ATO 2024"]
[Site "Biel"]
[Date "2024.07.16"]
[Round "1.10"]
[White "Luedi, Paul"]
[Black "Jud, Marc"]
[Result "0-1"]
[ECO "D58"]
[WhiteElo "1715"]
[BlackElo "1925"]
[Annotator "RC"]
[PlyCount "104"]
[EventDate "2024.07.03"]
[EventType "swiss"]
[EventCountry "SUI"]
[SourceTitle "playchess.com"]
[Source "ChessBase"]
[SourceQuality "1"]
[TimeControl "40/5400+30:1800+30"]

1. d4 d5 2. c4 e6 3. Nc3 Nf6 4. Bg5 Be7 5. e3 O-O 6. Nf3 h6 7. Bh4 b6 8. Bxf6 Bxf6 9. cxd5 exd5 10. Be2 Bb7 11. O-O c5 12. Rc1 c4 13. b3 cxb3 14. Qxb3 Na6 15. Rfe1 Nc7 16. Bd3 Re8 17. Bb1 Ne6 18. a4 Qd7 19. Bd3 Rac8 20. Bb5 Bc6 21. Bxc6 Qxc6 22. Qxd5 Qc4 23. Qb5 Qc7 24. Qb2 Nxd4 25. Nxd4 Bxd4 26. exd4 Rxe1+ 27. Rxe1 Qxc3 28. Re8+ Kh7 29. Qb1+ Qc2 30. Qxc2+ Rxc2 31. Kf1 Rc4 32. a5 Rxd4 33. axb6 axb6 34. Rb8 Rb4 35. Ke2 Rb2+ 36. Ke3 b5 37. h4 h5 38. g3 b4 39. f3 Kg6 40. Kf4 b3 41. Rb6+ f6 42. Ke3 Rb1 43. Kf4 b2 44. Rb5 Kf7 45. Kf5 Rf1 46. Rb7+ Kf8 47. Rxb2 Rxf3+ 48. Kg6 Rxg3+ 49. Kf5 Kg8 50. Rb8+ Kh7 51. Rb1 Rf3+ 52. Ke4 Rh3 0-1

[Event "57th Biel Festival ATO 2024"]
[Site "Biel"]
[Date "2024.07.16"]
[Round "1.11"]
[White "Ribera Caro, Joan"]
[Black "Noel, Lucien"]
[Result "1-0"]
[ECO "A43"]
[WhiteElo "1920"]
[BlackElo "1714"]
[Annotator "NA"]
[PlyCount "63"]
[EventDate "2024.07.03"]
[EventType "swiss"]
[EventCountry "SUI"]
[SourceTitle "playchess.com"]
[Source "ChessBase"]
[SourceQuality "1"]
[TimeControl "40/5400+30:1800+30"]

1. d4 Nf6 2. Nf3 c5 3. d5 b5 4. Bg5 g6 5. Bxf6 exf6 6. e4 a6 7. a4 b4 8. Bd3 d6 9. h3 Bg7 10. O-O O-O 11. c3 bxc3 12. bxc3 Nd7 13. Qc2 Ne5 14. Nxe5 fxe5 15. Nd2 f5 16. Kh2 Kh8 17. g3 Qd7 18. Be2 h5 19. Bf3 fxe4 20. Bg2 Qf7 21. Nxe4 Bf5 22. Qe2 Qe7 23. Rab1 Bh6 24. Rb6 Rfd8 25. Rxa6 Kg7 26. Rb1 Bg4 27. hxg4 h4 28. a5 hxg3+ 29. Nxg3 Bf4 30. Rxa8 Rxa8 31. a6 g5 32. Rb7 1-0

[Event "57th Biel Festival ATO 2024"]
[Site "Biel"]
[Date "2024.07.16"]
[Round "1.12"]
[White "Bachmann Daniel"]
[Black "Kuenzli, Simon"]
[Result "0-1"]
[ECO "B22"]
[WhiteElo "1713"]
[BlackElo "1919"]
[Annotator "RC"]
[PlyCount "170"]
[EventDate "2024.07.03"]
[EventType "swiss"]
[EventCountry "SUI"]
[SourceTitle "playchess.com"]
[Source "ChessBase"]
[SourceQuality "1"]
[TimeControl "40/5400+30:1800+30"]

1. e4 c5 2. c3 d5 3. exd5 Qxd5 4. d4 Nf6 5. Nf3 e6 6. Na3 Nc6 7. Nb5 Qd8 8. dxc5 Bxc5 9. Qxd8+ Kxd8 10. Bf4 a6 11. O-O-O+ Ke7 12. Nbd4 Nxd4 13. cxd4 Ba7 14. Be2 Nd5 15. Bg3 Rd8 16. Kb1 Bd7 17. Bc4 Bc6 18. Ne5 Rac8 19. Nxc6+ Rxc6 20. Bb3 Nc7 21. Rc1 Rxc1+ 22. Rxc1 Nd5 23. Rc4 Rd7 24. Kc1 b5 25. Rc6 Nb4 26. Rc8 Bxd4 27. a3 Nd3+ 28. Kc2 Bxf2 29. Bb8 Ne1+ 30. Kb1 a5 31. a4 bxa4 32. Bxa4 Rd2 33. Be5 f6 34. Bc3 Rd5 35. Bb3 Rg5 36. Ra8 Nxg2 37. Bxa5 Bd4 38. Bd2 Rb5 39. Ka2 Rb7 40. Ra6 Ra7 41. Bb4+ Kd7 42. Bxe6+ Kc7 43. Rxa7+ Bxa7 44. Kb3 Nf4 45. Bg8 h5 46. Kc2 Bd4 47. b3 Bg1 48. Bf8 g5 49. Be7 Bd4 50. Kd1 h4 51. Ke1 g4 52. Bh7 g3 53. hxg3 hxg3 54. Be4 f5 55. Bf3 g2 56. Bxg2 Nxg2+ 57. Ke2 Nf4+ 58. Kf3 Nd5 59. Bg5 Be5 60. Bd2 Kc6 61. b4 Kb5 62. Bg5 Bc3 63. Bf4 Bxb4 64. Bb8 Kc4 65. Ba7 Bd6 66. Bg1 Nf6 67. Ke3 Kd5 68. Kf3 Ne4 69. Be3 Be5 70. Bc1 Bc3 71. Bh6 Bd2 72. Bf8 Ng5+ 73. Kf2 Ke4 74. Bd6 Bf4 75. Be7 Ne6 76. Bf6 Be3+ 77. Kg2 f4 78. Bh4 f3+ 79. Kf1 Nd4 80. Bg3 Nb3 81. Be1 Nd2+ 82. Bxd2 Bxd2 83. Kf2 Kf4 84. Kf1 Ke3 85. Kg1 Ke2 0-1

[Event "57th Biel Festival ATO 2024"]
[Site "Biel"]
[Date "2024.07.16"]
[Round "1.13"]
[White "Aegerter, Fabrice"]
[Black "Panda, Gyorgy"]
[Result "1-0"]
[ECO "D02"]
[WhiteElo "1917"]
[BlackElo "1713"]
[Annotator "NA RC"]
[PlyCount "59"]
[EventDate "2024.07.03"]
[EventType "swiss"]
[EventCountry "SUI"]
[SourceTitle "playchess.com"]
[Source "ChessBase"]
[SourceQuality "1"]
[TimeControl "40/5400+30:1800+30"]

1. d4 Nf6 2. Bf4 d5 3. Nf3 e6 4. e3 c5 5. Nbd2 Nc6 6. c3 Be7 7. Bd3 O-O 8. Ne5 Nxe5 9. dxe5 Nd7 10. Qg4 Re8 11. h4 f5 12. Qe2 Qc7 13. Nf3 b6 14. g4 Nf8 15. O-O-O Bd7 16. gxf5 c4 17. Bc2 Bc5 18. f6 g6 19. h5 Red8 20. Rdg1 Be8 21. hxg6 hxg6 22. Bh6 Rd7 23. Bxf8 Bxf8 24. Bxg6 Bxg6 25. Rxg6+ Kf7 26. Ng5+ Kxg6 27. Qh5+ Kf5 28. Nf7+ Ke4 29. Rh4+ Kd3 30. Qd1# 1-0

[Event "57th Biel Festival ATO 2024"]
[Site "Biel"]
[Date "2024.07.16"]
[Round "1.14"]
[White "Kim, Yejun"]
[Black "Dreke, Frank"]
[Result "1/2-1/2"]
[ECO "B04"]
[WhiteElo "1642"]
[BlackElo "1915"]
[Annotator "NA RC"]
[PlyCount "55"]
[EventDate "2024.07.03"]
[EventType "swiss"]
[EventCountry "SUI"]
[SourceTitle "playchess.com"]
[Source "ChessBase"]
[SourceQuality "1"]
[TimeControl "40/5400+30:1800+30"]

1. e4 Nf6 2. e5 Nd5 3. d4 d6 4. Nf3 dxe5 5. Nxe5 c6 6. c4 Nb4 7. Be3 Bf5 8. Bd3 Nxd3+ 9. Nxd3 g6 10. Nc3 Bg7 11. Ne5 O-O 12. f4 Nd7 13. O-O Nxe5 14. fxe5 c5 15. d5 Bxe5 16. Bxc5 Qc7 17. Bd4 Bxh2+ 18. Kh1 Be5 19. c5 Bxd4 20. Qxd4 Rac8 21. g4 Bd7 22. Ne4 f5 23. d6 Qc6 24. dxe7 Rfe8 25. gxf5 Rxe7 26. Qc4+ Kh8 27. Qd4+ Kg8 28. Qc4+ 1/2-1/2

[Event "57th Biel Festival ATO 2024"]
[Site "Biel"]
[Date "2024.07.16"]
[Round "1.15"]
[White "Kalbermatter, Philipp"]
[Black "Sushrutha, Reddy"]
[Result "1-0"]
[ECO "B53"]
[WhiteElo "1912"]
[BlackElo "1649"]
[Annotator "NA RC"]
[PlyCount "59"]
[EventDate "2024.07.03"]
[EventType "swiss"]
[EventCountry "SUI"]
[SourceTitle "playchess.com"]
[Source "ChessBase"]
[SourceQuality "1"]
[TimeControl "40/5400+30:1800+30"]

1. e4 c5 2. Nf3 d6 3. d4 cxd4 4. Qxd4 Nc6 5. Bb5 Bd7 6. Bxc6 bxc6 7. c4 Qb6 8. Be3 c5 9. Qd2 Rb8 10. b3 g6 11. Qb2 Nf6 12. e5 Ng4 13. e6 Bxe6 14. Qxh8 Kd7 15. Qc3 Nf6 16. Nbd2 Bg7 17. Rd1 Nh5 18. Qc1 f5 19. Nb1 Re8 20. O-O Qa5 21. Qd2 Qc7 22. Ng5 Bg8 23. f4 Nf6 24. Nc3 h6 25. Nf3 Ng4 26. h3 Nxe3 27. Qxe3 Kc8 28. Nb5 Qd7 29. Rxd6 exd6 30. Qxe8+ 1-0

[Event "57th Biel Festival ATO 2024"]
[Site "Biel"]
[Date "2024.07.16"]
[Round "1.16"]
[White "Trubini, Timon"]
[Black "Leuenberger, Urs"]
[Result "1/2-1/2"]
[ECO "B22"]
[WhiteElo "1714"]
[BlackElo "1903"]
[Annotator "NA RC"]
[PlyCount "66"]
[EventDate "2024.07.03"]
[EventType "swiss"]
[EventCountry "SUI"]
[SourceTitle "playchess.com"]
[Source "ChessBase"]
[SourceQuality "1"]
[TimeControl "40/5400+30:1800+30"]

1. e4 c5 2. c3 d5 3. exd5 Qxd5 4. d4 e6 5. Nf3 Nf6 6. Be3 Ng4 7. g3 Nxe3 8. fxe3 Nc6 9. Bg2 Qe4 10. Qe2 cxd4 11. cxd4 Qg6 12. O-O Be7 13. Nbd2 O-O 14. Nc4 f6 15. Rac1 Bd7 16. Rfd1 Qh5 17. Qc2 Rac8 18. Qb3 b6 19. e4 Na5 20. Nxa5 Qxa5 21. Bh3 Rce8 22. Bxe6+ Bxe6 23. Qxe6+ Kh8 24. Qb3 Bd8 25. e5 fxe5 26. Nxe5 Rxe5 27. dxe5 Qxe5 28. Qc3 Qe6 29. Rf1 Bf6 30. Qa3 Bd4+ 31. Kg2 Qe2+ 32. Kh3 Qh5+ 33. Kg2 Qe2+ 1/2-1/2

[Event "57th Biel Festival ATO 2024"]
[Site "Biel"]
[Date "2024.07.16"]
[Round "1.17"]
[White "Voet, Dirk"]
[Black "Cho, Yeonhee"]
[Result "0-1"]
[ECO "A00"]
[WhiteElo "1869"]
[BlackElo "1686"]
[Annotator "NA RC"]
[PlyCount "46"]
[EventDate "2024.07.03"]
[EventType "swiss"]
[EventCountry "SUI"]
[SourceTitle "playchess.com"]
[Source "ChessBase"]
[SourceQuality "1"]
[TimeControl "40/5400+30:1800+30"]

1. g3 e5 2. Bg2 d5 3. d3 Be7 4. b3 Nc6 5. Bb2 Nf6 6. Nd2 Be6 7. c4 O-O 8. e3 Nb4 9. Qb1 dxc4 10. dxc4 Qd3 11. a3 Rfd8 12. Ngf3 Nc2+ 13. Kd1 Nxa1 14. Qxd3 Rxd3 15. Nxe5 Rd6 16. Bxa1 Ng4 17. Nxg4 Bxg4+ 18. f3 Rad8 19. Bc3 Bf5 20. e4 Rd3 21. Kc2 Bf6 22. Bxf6 Rxd2+ 23. Kc1 gxf6 0-1

[Event "57th Biel Festival ATO 2024"]
[Site "Biel"]
[Date "2024.07.16"]
[Round "1.18"]
[White "Muehlemann, Walter"]
[Black "Titov, Dmitrii"]
[Result "0-1"]
[ECO "B50"]
[WhiteElo "1677"]
[BlackElo "1899"]
[Annotator "NA RC"]
[PlyCount "78"]
[EventDate "2024.07.03"]
[EventType "swiss"]
[EventCountry "SUI"]
[SourceTitle "playchess.com"]
[Source "ChessBase"]
[SourceQuality "1"]
[TimeControl "40/5400+30:1800+30"]

1. e4 c5 2. Nf3 d6 3. c3 Nf6 4. d3 g6 5. Be2 Bg7 6. O-O O-O 7. Nbd2 Nc6 8. Nc4 b5 9. Ne3 e6 10. Bd2 a5 11. Qc2 Ba6 12. a3 Qd7 13. Rfd1 Rfc8 14. Rac1 a4 15. Qb1 Rab8 16. b4 axb3 17. Qxb3 Bh6 18. Qc2 b4 19. Rb1 Nxe4 20. axb4 cxb4 21. Qa4 Bb5 22. Qa1 Nxc3 23. Bxc3 bxc3 24. Qxc3 Bg7 25. Qd2 Nd4 26. Rdc1 Nxe2+ 27. Qxe2 Rxc1+ 28. Rxc1 Rc8 29. Rd1 Rc3 30. Ne1 Qc6 31. N1c2 Ba4 32. Nb4 Qc5 33. Rb1 Rc1+ 34. Rxc1 Qxc1+ 35. Nf1 Qb2 36. Qe4 Bb5 37. Qa8+ Bf8 38. Nc6 Bxd3 39. Qd8 Qa1 0-1

[Event "57th Biel Festival ATO 2024"]
[Site "Biel"]
[Date "2024.07.16"]
[Round "1.19"]
[White "Jordan, Theodor"]
[Black "Meier, Herbert"]
[Result "1-0"]
[ECO "C27"]
[WhiteElo "1894"]
[BlackElo "1678"]
[Annotator "NA"]
[PlyCount "63"]
[EventDate "2024.07.03"]
[EventType "swiss"]
[EventCountry "SUI"]
[SourceTitle "playchess.com"]
[Source "ChessBase"]
[SourceQuality "1"]
[TimeControl "40/5400+30:1800+30"]

1. e4 e5 2. Bc4 Nf6 3. Nc3 Bc5 4. d3 h6 5. h3 d6 6. Nf3 c6 7. O-O O-O 8. Re1 Re8 9. Na4 b5 10. Nxc5 bxc4 11. Na4 cxd3 12. cxd3 Nbd7 13. Qc2 Bb7 14. Bd2 d5 15. b4 d4 16. Rab1 Rc8 17. Rb2 Ba6 18. Rc1 Qe7 19. Nh4 h5 20. Rb3 Nh7 21. Nf5 Qf6 22. Nc5 Nxc5 23. bxc5 Rb8 24. Nd6 Red8 25. Ba5 Rxb3 26. Bxd8 Rc3 27. Qxc3 dxc3 28. Bxf6 Nxf6 29. Rxc3 Kf8 30. Ra3 Bb5 31. Nxb5 cxb5 32. Rxa7 1-0

[Event "57th Biel Festival ATO 2024"]
[Site "Biel"]
[Date "2024.07.16"]
[Round "1.20"]
[White "Juchler, Celine"]
[Black "Szelag, Zuzanna"]
[Result "0-1"]
[ECO "C02"]
[WhiteElo "1664"]
[BlackElo "1897"]
[Annotator "NA RC"]
[PlyCount "68"]
[EventDate "2024.07.03"]
[EventType "swiss"]
[EventCountry "SUI"]
[SourceTitle "playchess.com"]
[Source "ChessBase"]
[SourceQuality "1"]
[TimeControl "40/5400+30:1800+30"]

1. e4 e6 2. d4 d5 3. e5 c5 4. c3 Nc6 5. Nf3 Bd7 6. Be2 f6 7. exf6 Nxf6 8. Bg5 Bd6 9. O-O O-O 10. Re1 Qc7 11. h3 Ne4 12. Be3 cxd4 13. cxd4 Nb4 14. Qb3 Nc2 15. Rc1 Nxa1 16. Rxc7 Nxb3 17. Rxd7 Na5 18. Nbd2 Rfd8 19. Rxd8+ Rxd8 20. Nxe4 dxe4 21. Ng5 e5 22. d5 b6 23. Nxe4 Be7 24. Bg4 Nc4 25. Be6+ Kf8 26. Bc1 Nd6 27. Ng3 Nb7 28. b3 Nc5 29. f4 Nxe6 30. dxe6 Rd1+ 31. Kf2 Rxc1 32. f5 Bh4 33. Kf3 Rc3+ 34. Kg4 Bxg3 0-1

[Event "57th Biel Festival ATO 2024"]
[Site "Biel"]
[Date "2024.07.16"]
[Round "1.21"]
[White "Schmid, Nicola"]
[Black "Kim, Sarang"]
[Result "1-0"]
[ECO "A06"]
[WhiteElo "1888"]
[BlackElo "1704"]
[Annotator "NA RC"]
[PlyCount "25"]
[EventDate "2024.07.03"]
[EventType "swiss"]
[EventCountry "SUI"]
[SourceTitle "playchess.com"]
[Source "ChessBase"]
[SourceQuality "1"]
[TimeControl "40/5400+30:1800+30"]

1. Nf3 d5 2. b3 c5 3. e3 Nc6 4. Bb5 Nf6 5. Bb2 Bg4 6. h3 Bh5 7. g4 Bg6 8. Ne5 Qc7 9. Bxc6+ bxc6 10. d3 e6 11. Nd2 Bd6 12. Ndf3 O-O 13. Nd7 1-0

[Event "57th Biel Festival ATO 2024"]
[Site "Biel"]
[Date "2024.07.16"]
[Round "1.22"]
[White "Lincke, Paul"]
[Black "Wenger, Arejou"]
[Result "0-1"]
[ECO "B30"]
[WhiteElo "1653"]
[BlackElo "1875"]
[Annotator "NA RC"]
[PlyCount "42"]
[EventDate "2024.07.03"]
[EventType "swiss"]
[EventCountry "SUI"]
[SourceTitle "playchess.com"]
[Source "ChessBase"]
[SourceQuality "1"]
[TimeControl "40/5400+30:1800+30"]

1. e4 c5 2. c4 Nc6 3. Nf3 Nf6 4. d3 e6 5. Be2 Be7 6. O-O O-O 7. a3 d5 8. Nbd2 Qc7 9. cxd5 exd5 10. exd5 Nxd5 11. Ne4 Rd8 12. h3 Bf5 13. Ng3 Bg6 14. Bg5 Bxg5 15. Nxg5 Nf4 16. N3e4 h6 17. Nf3 Bxe4 18. Ne1 Ne5 19. Qa4 Nxe2+ 20. Kh1 Bxd3 21. Nxd3 Nxd3 0-1

[Event "57th Biel Festival ATO 2024"]
[Site "Biel"]
[Date "2024.07.16"]
[Round "1.23"]
[White "Kessler, Meinrad"]
[Black "Wipf, Armin"]
[Result "1-0"]
[ECO "B01"]
[WhiteElo "1874"]
[BlackElo "1643"]
[Annotator "NA RC"]
[PlyCount "33"]
[EventDate "2024.07.03"]
[EventType "swiss"]
[EventCountry "SUI"]
[SourceTitle "playchess.com"]
[Source "ChessBase"]
[SourceQuality "1"]
[TimeControl "40/5400+30:1800+30"]

1. e4 d5 2. exd5 Nf6 3. d4 Qxd5 4. Nc3 Qa5 5. Bc4 Bg4 6. Nf3 e6 7. h3 Bxf3 8. Qxf3 c6 9. Bd2 Qc7 10. O-O-O Bd6 11. g4 h6 12. h4 Nbd7 13. g5 hxg5 14. hxg5 Rxh1 15. Rxh1 Ng8 16. Ne4 O-O-O 17. Qxf7 1-0